ITL
ALLENTOWN HILLBILLIES @ AMARILLO ARCHDUKES
04/08/2030
 
TOP OF THE 1ST
Allentown Hillbillies batting - Pitching for Amarillo Archdukes : RHP Robinson Alomar
Pitching: RHP Robinson Alomar
Batting: LHB Júlio Lorenzo 0-0: Ball
1-0: Single, Error in OF, E9, batter to second base
Batting: SHB Travis Martin 0-0: Fly out, F8 (Flyball, 8RS)
Batting: RHB Donald Sanford 0-0: Ball
1-0: Ball
2-0: Ball
3-0: Base on Balls
Batting: LHB John Hudson 0-0: Foul Ball, location: 2F
0-1: 3-RUN HOME RUN (Flyball, 9LD), Distance : 321 ft
Batting: RHB Germano Labrego 0-0: Ball
1-0: Ball
2-0: Ball
3-0: Called Strike
3-1: Foul Ball, location: 2F
3-2: Foul Ball, location: 2F
3-2: Base on Balls
Batting: RHB Robert Bly 0-0: Ball
1-0: Foul Ball, location: 2F
1-1: Called Strike
1-2: Reached on error, E4 (Groundball, 4)
Germano Labrego to second
Batting: RHB Wyatt McKinnon 0-0: Called Strike
0-1: Grounds into double play, 4-6-3 (Groundball, 4)
Top of the 1st over - 3 runs, 2 hits, 2 errors, 1 left on base; Allentown 3 - Amarillo 0
BOTTOM OF THE 1ST
Amarillo Archdukes batting - Pitching for Allentown Hillbillies : LHP Jorge Torres
Pitching: LHP Jorge Torres
Batting: LHB John Frost 0-0: Ball
1-0: SOLO HOME RUN (Line Drive, 9LD), Distance : 330 ft
Batting: RHB Herb Bunch 0-0: Ball
1-0: Swinging Strike
1-1: Ball
2-1: Ground out 5-3 (Groundball, 56)
Batting: LHB Brian Easdale 0-0: Ball
1-0: Called Strike
1-1: Ball
2-1: Foul Ball, location: 2F
2-2: Ball
3-2: Base on Balls
Batting: SHB Álex Hernández 0-0: SINGLE (Flyball, 89S)
Brian Easdale to second
Runner from 2nd tries for 3rd, SAFE, throw made to third
Batting: RHB Fernando Castellanos 0-0: Fly out, F9 (Flyball, 9)
Runner from 3rd tags up, SCORES, no throw
Batting: RHB Vincente Ramírez 0-0: Ball
1-0: Foul Ball, location: 2F
1-1: Ball
2-1: Ball
3-1: SINGLE (Groundball, 4D)
Álex Hernández to second
Runner from 2nd tries for 3rd, SAFE, no throw
Batting: LHB António Chávez 0-0: Foul Ball, location: 2F
0-1: Ball
1-1: Fly out, F8 (Flyball, 8RXD)
Bottom of the 1st over - 2 runs, 3 hits, 0 errors, 2 left on base; Allentown 3 - Amarillo 2
TOP OF THE 2ND
Allentown Hillbillies batting - Pitching for Amarillo Archdukes : RHP Robinson Alomar
Batting: LHB Ryan Flynn 0-0: Ball
1-0: Ball
2-0: Foul Ball, location: 2F
2-1: Swinging Strike
2-2: Strikes out swinging
Batting: RHB António Yánez 0-0: Foul Ball, location: 2F
0-1: Fly out, F9 (Flyball, 9D)
Batting: LHB Júlio Lorenzo 0-0: Ball
1-0: SINGLE (Groundball, 6D)
Batting: SHB Travis Martin 0-0: Ball
Júlio Lorenzo is caught stealing 2nd base
Top of the 2nd over - 0 runs, 1 hit, 0 errors, 0 left on base; Allentown 3 - Amarillo 2
BOTTOM OF THE 2ND
Amarillo Archdukes batting - Pitching for Allentown Hillbillies : LHP Jorge Torres
Batting: RHB Eugenio Maldonado 0-0: Ball
1-0: Ball
2-0: Foul Ball, location: 2F
2-1: Ball
3-1: Called Strike
3-2: Base on Balls
Batting: RHB Rich Henley 0-0: Called Strike
0-1: Ground out 5-3 (Groundball, 56S)
Eugenio Maldonado to second
Batting: LHB John Frost 0-0: Ball
1-0: Ball
2-0: Ball
3-0: Base on Balls
Batting: RHB Herb Bunch 0-0: Called Strike
0-1: Foul Ball, location: 2F
0-2: Ball
1-2: Ball
2-2: Foul Ball, location: 2F
2-2: Grounds into double play, 5-4-3 (Groundball, 56)
Bottom of the 2nd over - 0 runs, 0 hits, 0 errors, 1 left on base; Allentown 3 - Amarillo 2
TOP OF THE 3RD
Allentown Hillbillies batting - Pitching for Amarillo Archdukes : RHP Robinson Alomar
Batting: SHB Travis Martin 0-0: Called Strike
0-1: Ball
1-1: Swinging Strike
1-2: Strikes out swinging
Batting: RHB Donald Sanford 0-0: Called Strike
0-1: Called Strike
0-2: Ball
1-2: Strikes out swinging
Batting: LHB John Hudson 0-0: Ball
1-0: Ball
2-0: Ball
3-0: Foul Ball, location: 2F
3-1: Foul Ball, location: 2F
3-2: Base on Balls
Batting: RHB Germano Labrego 0-0: Ball
1-0: Ball
2-0: Called Strike
2-1: Foul Ball, location: 2F
2-2: Ball
3-2: Foul Ball, location: 2F
3-2: Base on Balls
John Hudson to second
Batting: RHB Robert Bly 0-0: Called Strike
0-1: Ball
1-1: Called Strike
1-2: Ball
2-2: Ball
3-2: Strikes out looking
Top of the 3rd over - 0 runs, 0 hits, 0 errors, 2 left on base; Allentown 3 - Amarillo 2
BOTTOM OF THE 3RD
Amarillo Archdukes batting - Pitching for Allentown Hillbillies : LHP Jorge Torres
Batting: LHB Brian Easdale 0-0: Called Strike
0-1: Foul Ball, location: 2F
0-2: Foul Ball, location: 2F
0-2: DOUBLE (Flyball, 89D)
Batting: SHB Álex Hernández 0-0: Ball
1-0: Ball
2-0: Foul Ball, location: 2F
2-1: Ball
3-1: SINGLE (Groundball, 34D)
Brian Easdale to third
Runner from 3rd tries for Home, SAFE, no throw
Batting: RHB Fernando Castellanos 0-0: SINGLE (Groundball, 34D)
Álex Hernández to second
Runner from 2nd tries for 3rd, SAFE, no throw
Batting: RHB Vincente Ramírez 0-0: Ball
1-0: Foul Ball, location: 2F
1-1: Foul Ball, location: 2F
1-2: SINGLE (Groundball, 6D)
Álex Hernández scores
Fernando Castellanos to second
Batting: LHB António Chávez 0-0: Called Strike
0-1: Grounds into double play, 1-6-3 (Groundball, P)
Fernando Castellanos to third
Batting: RHB Eugenio Maldonado 0-0: Ground out 6-3 (Groundball, 6M)
Bottom of the 3rd over - 2 runs, 4 hits, 0 errors, 1 left on base; Allentown 3 - Amarillo 4
TOP OF THE 4TH
Allentown Hillbillies batting - Pitching for Amarillo Archdukes : RHP Robinson Alomar
Batting: RHB Wyatt McKinnon 0-0: Fly out, F7 (Flyball, 7LM)
Batting: LHB Ryan Flynn 0-0: Foul Ball, location: 2F
0-1: SINGLE (Flyball, 78S)
Batting: RHB António Yánez 0-0: Called Strike
0-1: Ball
1-1: Ball
2-1: Fielders Choice at 2nd, 1-6 (Groundball, 13)
Batting: LHB Júlio Lorenzo 0-0: Called Strike
0-1: Ball
1-1: Called Strike
1-2: Foul Ball, location: 2F
1-2: Ball
2-2: SINGLE (Groundball, 4MS) (infield hit)
António Yánez to second
Batting: SHB Travis Martin 0-0: Swinging Strike
0-1: Ball
1-1: DOUBLE (Line Drive, 89D)
António Yánez scores
Júlio Lorenzo to third
Runner from 3rd tries for Home, SAFE, throw made at trailing runner, OUT at third!
Top of the 4th over - 2 runs, 3 hits, 0 errors, 0 left on base; Allentown 5 - Amarillo 4
BOTTOM OF THE 4TH
Amarillo Archdukes batting - Pitching for Allentown Hillbillies : LHP Jorge Torres
Batting: RHB Rich Henley 0-0: Ball
1-0: Ball
2-0: Foul Ball, location: 2F
2-1: SINGLE (Groundball, 6MD)
Batting: LHB John Frost 0-0: Called Strike
0-1: Ball
1-1: Ball
2-1: Called Strike
2-2: Ball
3-2: Base on Balls
Rich Henley to second
Batting: RHB Herb Bunch 0-0: Swinging Strike
0-1: Called Strike
0-2: Strikes out swinging
Batting: LHB Brian Easdale 0-0: Ball
1-0: Ball
2-0: Foul Ball, location: 2F
2-1: DOUBLE (Line Drive, 89M)
Rich Henley scores
John Frost to third
Runner from 3rd tries for Home, SAFE, no throw
Batting: SHB Álex Hernández 0-0: Ball
1-0: Called Strike
1-1: Foul Ball, location: 2F
1-2: Strikes out swinging
Batting: RHB Fernando Castellanos 0-0: Ball
1-0: Ball
2-0: Foul Ball, location: 2F
2-1: Called Strike
Brian Easdale steals 3rd base
2-2: Ground out 3-1 (Groundball, 34S)
Bottom of the 4th over - 2 runs, 2 hits, 0 errors, 1 left on base; Allentown 5 - Amarillo 6
TOP OF THE 5TH
Allentown Hillbillies batting - Pitching for Amarillo Archdukes : RHP Robinson Alomar
Batting: RHB Donald Sanford 0-0: Foul Ball, location: 2F
0-1: Swinging Strike
0-2: Ball
1-2: SINGLE (Line Drive, 56D)
Batting: LHB John Hudson 0-0: Ball
1-0: Ball
2-0: Called Strike
2-1: Foul Ball, location: 2F
2-2: Foul Ball, location: 2F
2-2: Strikes out swinging
Batting: RHB Germano Labrego 0-0: Ball
1-0: Called Strike
1-1: Foul Ball, location: 2F
1-2: Ball
2-2: Ball
Wild Pitch!
Donald Sanford to second
3-2: Base on Balls
Batting: RHB Robert Bly 0-0: Called Strike
0-1: Swinging Strike
0-2: SINGLE (Line Drive, 8LS)
Donald Sanford to third
Germano Labrego to second
Pitching: RHP Wilson Molina
Batting: RHB Wyatt McKinnon 0-0: Called Strike
0-1: Swinging Strike
0-2: Strikes out looking
Batting: LHB Ryan Flynn 0-0: Called Strike
0-1: Foul Ball, location: 2F
0-2: Ball
1-2: Strikes out swinging
Top of the 5th over - 0 runs, 2 hits, 0 errors, 3 left on base; Allentown 5 - Amarillo 6
BOTTOM OF THE 5TH
Amarillo Archdukes batting - Pitching for Allentown Hillbillies : LHP Jorge Torres
Batting: RHB Vincente Ramírez 0-0: Ball
1-0: SOLO HOME RUN (Flyball, 78XD), Distance : 378 ft
Batting: LHB António Chávez 0-0: Ball
1-0: Ball
2-0: Ball
3-0: Called Strike
3-1: Base on Balls
Pitching: LHP Ánibal Barajas
Batting: RHB Eugenio Maldonado 0-0: Ball
1-0: Called Strike
1-1: Ball
2-1: Foul Ball, location: 2F
2-2: Ball
3-2: Foul Ball, location: 2F
3-2: Strikes out looking
Batting: RHB Rich Henley 0-0: Grounds into double play, 5-4-3 (Groundball, 56)
Bottom of the 5th over - 1 run, 1 hit, 0 errors, 0 left on base; Allentown 5 - Amarillo 7
TOP OF THE 6TH
Allentown Hillbillies batting - Pitching for Amarillo Archdukes : RHP Wilson Molina
Batting: RHB António Yánez 0-0: Ball
1-0: Ball
2-0: Ball
3-0: Base on Balls
Batting: LHB Júlio Lorenzo 0-0: Ball
1-0: Ball
2-0: Fly out, F8 (Flyball, 89M)
Batting: SHB Travis Martin 0-0: Called Strike
0-1: Ball
1-1: Ball
2-1: Fielders Choice at 2nd, 4-6 (Groundball, 4M)
Batting: RHB Donald Sanford 0-0: Called Strike
0-1: Ball
1-1: Called Strike
1-2: SINGLE (Line Drive, 9S)
Travis Martin to second
Batting: LHB John Hudson 0-0: Swinging Strike
0-1: Foul Ball, location: 2F
0-2: Strikes out swinging
Top of the 6th over - 0 runs, 1 hit, 0 errors, 2 left on base; Allentown 5 - Amarillo 7
BOTTOM OF THE 6TH
Amarillo Archdukes batting - Pitching for Allentown Hillbillies : LHP Ánibal Barajas
Batting: LHB John Frost 0-0: Fly out, F5 (Popup, 5F)
Batting: RHB Herb Bunch 0-0: Foul Ball, location: 2F
0-1: Ball
1-1: Ball
2-1: Foul Ball, location: 2F
2-2: Fly out, F8 (Flyball, 8LS)
Batting: LHB Brian Easdale 0-0: Foul Ball, location: 2F
0-1: Called Strike
0-2: Strikes out swinging
Bottom of the 6th over - 0 runs, 0 hits, 0 errors, 0 left on base; Allentown 5 - Amarillo 7
TOP OF THE 7TH
Allentown Hillbillies batting - Pitching for Amarillo Archdukes : RHP Wilson Molina
Batting: RHB Germano Labrego 0-0: Called Strike
0-1: SINGLE (Flyball, 89S) - OUT at second base trying to stretch hit.
Batting: RHB Robert Bly 0-0: Ball
1-0: Called Strike
1-1: Ball
2-1: Foul Ball, location: 2F
2-2: Ball
3-2: Foul Ball, location: 2F
3-2: Strikes out looking
Batting: RHB Wyatt McKinnon 0-0: Swinging Strike
0-1: Swinging Strike
0-2: Ball
1-2: Strikes out looking
Top of the 7th over - 0 runs, 1 hit, 0 errors, 0 left on base; Allentown 5 - Amarillo 7
BOTTOM OF THE 7TH
Amarillo Archdukes batting - Pitching for Allentown Hillbillies : LHP Ánibal Barajas
Batting: SHB Álex Hernández 0-0: Ball
1-0: Ball
2-0: Ball
3-0: Base on Balls
Batting: RHB Fernando Castellanos 0-0: Ball
1-0: Ball
2-0: Ball
3-0: Base on Balls
Álex Hernández to second
Pinch Hitting: RHB Jon Krohne 0-0: Called Strike
0-1: Ball
1-1: DOUBLE (Line Drive, 7LM)
Álex Hernández scores
Fernando Castellanos to third
Batting: LHB António Chávez 0-0: Foul Ball, location: 2F
0-1: Foul Ball, location: 2F
0-2: SINGLE (Line Drive, 7S)
Fernando Castellanos scores
Jon Krohne to third
Pitching: RHP Millard Manning
Batting: RHB Eugenio Maldonado 0-0: Swinging Strike
0-1: Fly out, F8 (Flyball, 8LXD)
Runner from 3rd tags up, SCORES, no throw
Batting: RHB Rich Henley 0-0: Ball
1-0: Foul Ball, location: 2F
1-1: Foul Ball, location: 2F
1-2: Strikes out looking
Batting: LHB John Frost 0-0: Ball
1-0: Called Strike
1-1: Called Strike
1-2: Ball
2-2: SINGLE (Groundball, 6MD)
António Chávez to second
Batting: RHB Herb Bunch 0-0: Ball
1-0: 3-RUN HOME RUN (Flyball, 7D), Distance : 352 ft
Batting: LHB Brian Easdale 0-0: Ball
1-0: SINGLE (Line Drive, 6D)
Batting: SHB Álex Hernández 0-0: Ball
1-0: Called Strike
1-1: Ball
2-1: Foul Ball, location: 2F
2-2: Ball
3-2: SINGLE (Line Drive, 89S)
Brian Easdale to second
Brian Easdale to third
Batting: RHB Fernando Castellanos 0-0: Ball
1-0: Ground out 4-3 (Groundball, 4D)
Bottom of the 7th over - 6 runs, 6 hits, 0 errors, 2 left on base; Allentown 5 - Amarillo 13
TOP OF THE 8TH
Allentown Hillbillies batting - Pitching for Amarillo Archdukes : RHP Wilson Molina
Now at 1B: Jeff Chambers
Now at 3B: Jon Krohne
Now at SS: José Ruíz
Now in LF: José Gonzáles
Batting: LHB Ryan Flynn 0-0: Foul Ball, location: 2F
0-1: Called Strike
0-2: Fly out, F4 (Popup, 4)
Batting: RHB António Yánez 0-0: Foul Ball, location: 2F
0-1: Ball
1-1: Ground out 4-3 (Groundball, 4)
Batting: LHB Júlio Lorenzo 0-0: Ball
1-0: Foul Ball, location: 2F
1-1: Swinging Strike
1-2: Ground out 6-3 (Groundball, 6)
Top of the 8th over - 0 runs, 0 hits, 0 errors, 0 left on base; Allentown 5 - Amarillo 13
BOTTOM OF THE 8TH
Amarillo Archdukes batting - Pitching for Allentown Hillbillies : RHP Millard Manning
Batting: RHB Jon Krohne 0-0: Ball
1-0: SINGLE (Line Drive, 7S)
Batting: LHB António Chávez 0-0: Ball
1-0: Called Strike
1-1: Swinging Strike
1-2: Ball
2-2: Ball
3-2: Strikes out looking
Batting: RHB Eugenio Maldonado 0-0: Fly out, F9 (Flyball, 89D)
Batting: RHB Rich Henley 0-0: Called Strike
0-1: Ball
1-1: Ball
2-1: SINGLE (Groundball, 6D)
Jon Krohne to second
Batting: LHB John Frost 0-0: Foul Ball, location: 2F
0-1: Ball
1-1: Fly out, F4 (Line Drive, 4)
Bottom of the 8th over - 0 runs, 2 hits, 0 errors, 2 left on base; Allentown 5 - Amarillo 13
TOP OF THE 9TH
Allentown Hillbillies batting - Pitching for Amarillo Archdukes : RHP Wilson Molina
Batting: SHB Travis Martin 0-0: Ball
1-0: Swinging Strike
1-1: Swinging Strike
1-2: Foul Ball, location: 2F
1-2: SINGLE (Groundball, 34D)
Batting: RHB Donald Sanford 0-0: SINGLE (Groundball, 4D)
Travis Martin to second
Batting: LHB John Hudson 0-0: Ball
1-0: Foul Ball, location: 2F
1-1: DOUBLE (Flyball, 8LXD)
Travis Martin scores
Donald Sanford to third
Pitching: LHP Tim Davidson
Batting: RHB Germano Labrego 0-0: Swinging Strike
0-1: Called Strike
0-2: Strikes out swinging
Batting: RHB Robert Bly 0-0: Foul Ball, location: 2F
0-1: Ball
1-1: Ground out 6-3 (Groundball, 6)
Donald Sanford scores
Batting: RHB Wyatt McKinnon 0-0: Fly out, F8 (Flyball, 8RM)
Top of the 9th over - 2 runs, 3 hits, 0 errors, 1 left on base; Allentown 7 - Amarillo 13
Saturday, April 7th, 2018 - OOTP Baseball 18.8 Build 76